Map: Kairos Junction LE

Players

Vaisravana

  • Race: Zerg Zerg
  • Spawn Location: 11:00

A.I. 2 (Very Easy) - Winner!

  • Race: Protoss Protoss
  • Spawn Location: 5:00

VOD

Have the link to the VOD?

Description

Time

  • Played on: June 23, 2019, 2:31 p.m.
  • Length: 5:16
Show
View Real Time Build Order
Export as new Build Order

Vaisravana Zerg 

Build Orders: Pool First, Zergling Baneling 

Get SALT Encoding   

  12  0:00  Drone  
  13  0:12  Overlord  
  13  0:17  Drone  
  14  0:31  Drone x2  
  16  0:36  Drone  
  17  0:45  Extractor, Drone  
  17  0:50  Spawning Pool  
  17  0:56  Drone  
  17  1:07  Drone  
  18  1:20  Hatchery  
  17  1:26  Drone  
  17  1:28  Drone  
  19  1:38  Queen  
  21  1:42  Zergling x2  
  22  1:49  Metabolic Boost  
  22  1:56  Overlord  
  22  2:14  Drone x2  
  22  2:15  Queen  
  24  2:22  Drone  
  27  2:37  Zergling x4  
  27  2:43  Drone x2  
  31  2:47  Drone  
  31  2:48  Drone x2  
  34  2:56  Hatchery  
  33  3:00  Drone x2  
  33  3:04  Overlord  
  35  3:13  Drone  
  36  3:23  Queen, Overlord  
  36  3:25  Drone x3  
  36  3:26  Drone  
  42  3:30  Drone x2  
  44  3:37  Overlord  
  43  3:43  Drone x3  
  45  3:52  Baneling Nest, Drone, Spore Crawler  
  45  3:54  Spore Crawler  
  43  3:59  Extractor  
  43  4:02  Drone x3  
  44  4:03  Zergling x4  
  44  4:07  Zergling x4  
  44  4:08  Zergling x4  
  50  4:14  Zergling x2  
  51  4:18  Zergling x2  
  51  4:21  Zergling x2  
  51  4:23  Zergling x2  
  54  4:25  Zergling x2  
  54  4:26  Zergling x4  
  57  4:32  Overlord  
  57  4:35  Zergling x2  
  57  4:36  Zergling x8  
  62  4:39  Baneling  
  62  4:40  Baneling x11  
  62  4:42  Baneling  
  62  4:46  Zergling x4  
  62  4:48  Zergling x2  
  62  4:51  Zergling x4  
  67  4:55  Zergling x4  
  67  4:56  Zergling x2  
  67  4:59  Zergling x2  
Show
View Real Time Build Order
Export as new Build Order

A.I. 2 (Very Easy) Protoss - Winner!

Build Orders:  

Get SALT Encoding   

  12  0:00  Probe  
  13  0:13  Probe  
  14  0:20  Pylon  
  14  0:36  Assimilator  
  14  0:43  Gateway  
  14  0:46  Pylon  
  14  1:13  Assimilator  
  14  1:15  Probe  
  14  1:23  Probe  
  15  1:32  Probe, Cybernetics Core  
  17  1:42  Probe  
  18  1:54  Probe  
  18  1:59  Warp Gate  
  19  2:02  Probe  
  20  2:09  Stalker  
  22  5:09  Stalker  
  22  5:11  Pylon  
Tags
 
Add a new tag
Caveats
  • Supply blocks, unpowered buildings, or Contaminate may cause inaccurate times.
  • Supply counts are checked every 10 seconds.